| TOP OF THE 1ST |
|
Frisco RoughRiders batting - Pitching for Portland Sea Dogs : RHP Su-wu Yang
|
|
Pitching: RHP Su-wu Yang
|
|
|
Batting: LHB Yoshinari Nara
|
0-0: Ball 1-0: Foul Ball, location: 2F 1-1: Ground out 6-3 (Groundball, 6, EV 84.4 MPH)
|
|
Batting: LHB Jody Hudson
|
0-0: Ball 1-0: Ball 2-0: Called Strike 2-1: Called Strike 2-2: Foul Ball, location: 2F 2-2: Ball 3-2: Strikes out looking
|
|
Batting: LHB Jim Pankratz
|
0-0: Ball 1-0: Ground out 6-3 (Groundball, 6, EV 100.6 MPH)
|
| Top of the 1st over - 0 runs, 0 hits, 0 errors, 0 left on base; Frisco 0 - Portland 0 |
| BOTTOM OF THE 1ST |
|
Portland Sea Dogs batting - Pitching for Frisco RoughRiders : RHP Andy Zecher
|
|
Pitching: RHP Andy Zecher
|
|
|
Batting: RHB Sal Rivera
|
0-0: Ball 1-0: TRIPLE (Flyball, 9LD, EV 89.4 MPH)
|
|
Batting: RHB Travis Campbell
|
0-0: Ground out 4-3 (Groundball, 34, EV 103.1 MPH) Sal Rivera scores
|
|
Batting: RHB Ernie Genier
|
0-0: Called Strike 0-1: Foul Ball, location: 2F 0-2: Ball 1-2: Ball 2-2: Foul Ball, location: 2F 2-2: Ball 3-2: Fly out, F8 (Flyball, 8RD, EV 103.1 MPH)
|
|
Batting: RHB Alex Melendez
|
0-0: Ball 1-0: Ball 2-0: Ball 3-0: Called Strike 3-1: Foul Ball, location: 2F 3-2: Ground out 6-3 (Groundball, 56, EV 87.5 MPH)
|
| Bottom of the 1st over - 1 run, 1 hit, 0 errors, 0 left on base; Frisco 0 - Portland 1 |
| TOP OF THE 2ND |
|
Frisco RoughRiders batting - Pitching for Portland Sea Dogs : RHP Su-wu Yang
|
|
Batting: RHB Sean Neuroth
|
0-0: Fly out, F9 (Flyball, 89S, EV 85.6 MPH)
|
|
Batting: RHB Wally Cangro
|
0-0: Called Strike 0-1: Ball 1-1: Foul Ball, location: 2F 1-2: Strikes out swinging
|
|
Batting: RHB Sergio Godinez
|
0-0: Ball 1-0: Foul Ball, location: 2F 1-1: Ground out U3 (Groundball, 3, EV 102.5 MPH)
|
| Top of the 2nd over - 0 runs, 0 hits, 0 errors, 0 left on base; Frisco 0 - Portland 1 |
| BOTTOM OF THE 2ND |
|
Portland Sea Dogs batting - Pitching for Frisco RoughRiders : RHP Andy Zecher
|
|
Batting: RHB Jim Hubbard
|
0-0: TRIPLE (Line Drive, 7D, EV 104.4 MPH)
|
|
Batting: LHB Keith Rice
|
0-0: Foul Ball, location: 2F 0-1: DOUBLE (Line Drive, 7LM, EV 93.8 MPH) Jim Hubbard scores
|
|
Batting: RHB Mike Batko
|
0-0: Fly out, F9 (Flyball, 9, EV 74.4 MPH)
|
|
Batting: RHB Frank Sokolosky
|
0-0: Ball 1-0: Foul Ball, location: 2F 1-1: Foul Ball, location: 2F 1-2: Fly out, F9 (Flyball, 89M, EV 97.5 MPH)
|
|
Batting: LHB Dave Reyes
|
0-0: Called Strike 0-1: Foul Ball, location: 2F 0-2: Ball 1-2: Foul Ball, location: 2F 1-2: Foul Ball, location: 2F 1-2: Ball 2-2: Foul Ball, location: 2F 2-2: DOUBLE (Line Drive, 9LS, EV 108.8 MPH) Keith Rice scores
|
|
Batting: RHB Sal Rivera
|
0-0: Ground out 1-3 (Groundball, 13S, EV 71.2 MPH)
|
| Bottom of the 2nd over - 2 runs, 3 hits, 0 errors, 1 left on base; Frisco 0 - Portland 3 |
| TOP OF THE 3RD |
|
Frisco RoughRiders batting - Pitching for Portland Sea Dogs : RHP Su-wu Yang
|
|
Batting: RHB Jordan Fairburn
|
0-0: Ball 1-0: Called Strike 1-1: Ball 2-1: SINGLE (Line Drive, 9S, EV 103.8 MPH)
|
|
Batting: RHB Matt Sanders
|
0-0: Fly out, F6 (Popup, 6D, EV 61.2 MPH)
|
|
Batting: RHB Luis Arce
|
0-0: Called Strike 0-1: Ball 1-1: Ball 2-1: Fly out, F7 (Flyball, 78S, EV 88.1 MPH)
|
|
Batting: LHB Yoshinari Nara
|
0-0: Swinging Strike 0-1: Ball 1-1: Foul Ball, location: 2F 1-2: Ball 2-2: Strikes out swinging
|
| Top of the 3rd over - 0 runs, 1 hit, 0 errors, 1 left on base; Frisco 0 - Portland 3 |
| BOTTOM OF THE 3RD |
|
Portland Sea Dogs batting - Pitching for Frisco RoughRiders : RHP Andy Zecher
|
|
Batting: RHB Travis Campbell
|
0-0: Ball 1-0: Ball 2-0: Foul Ball, location: 2F 2-1: Ball 3-1: Base on Balls
|
|
Batting: RHB Ernie Genier
|
0-0: Ball 1-0: Foul Ball, location: 2F 1-1: Ball 2-1: Foul Ball, location: 2F 2-2: Foul Ball, location: 2F 2-2: SINGLE (Groundball, 6MD, EV 103.8 MPH) Travis Campbell to second
|
|
Batting: RHB Alex Melendez
|
0-0: Ball 1-0: Ball 2-0: Called Strike 2-1: Ball 3-1: Foul Ball, location: 2F 3-2: SINGLE (Flyball, 56D, EV 94.4 MPH) Travis Campbell to third Ernie Genier to second
|
|
Batting: RHB Jim Hubbard
|
0-0: Ball 1-0: Grounds into fielders choice U2 (Groundball, 2R, EV 65.6 MPH) Ernie Genier to third Alex Melendez to second
|
|
Batting: LHB Keith Rice
|
0-0: Swinging Strike 0-1: Called Strike 0-2: Foul Ball, location: 2F 0-2: Ball 1-2: Strikes out swinging
|
|
Batting: RHB Mike Batko
|
0-0: Swinging Strike 0-1: Ball 1-1: Ball 2-1: Fly out, F8 (Flyball, 8RD, EV 93.8 MPH)
|
| Bottom of the 3rd over - 0 runs, 2 hits, 0 errors, 3 left on base; Frisco 0 - Portland 3 |
| TOP OF THE 4TH |
|
Frisco RoughRiders batting - Pitching for Portland Sea Dogs : RHP Su-wu Yang
|
|
Batting: LHB Jody Hudson
|
0-0: Ball 1-0: Swinging Strike 1-1: Ball 2-1: Swinging Strike 2-2: Fly out, F7 (Line Drive, 7S, EV 108.1 MPH)
|
|
Batting: LHB Jim Pankratz
|
0-0: Ball 1-0: Foul Ball, location: 2F 1-1: Called Strike 1-2: Strikes out swinging
|
|
Batting: RHB Sean Neuroth
|
0-0: Ball 1-0: Called Strike 1-1: Called Strike 1-2: Strikes out swinging
|
| Top of the 4th over - 0 runs, 0 hits, 0 errors, 0 left on base; Frisco 0 - Portland 3 |
| BOTTOM OF THE 4TH |
|
Portland Sea Dogs batting - Pitching for Frisco RoughRiders : RHP Andy Zecher
|
|
Batting: RHB Frank Sokolosky
|
0-0: Called Strike 0-1: Foul Ball, location: 2F 0-2: Hit by Pitch
|
|
Batting: LHB Dave Reyes
|
0-0: Ball 1-0: Fly out, F8 (Flyball, 8RD, EV 108.1 MPH)
|
|
Batting: RHB Sal Rivera
|
0-0: Ball 1-0: Ball 2-0: Ball 3-0: Base on Balls Frank Sokolosky to second
|
|
Batting: RHB Travis Campbell
|
0-0: Ball 1-0: Swinging Strike 1-1: Ball 2-1: Grounds out, U3 (Groundball, 3L, EV 107.5 MPH) Frank Sokolosky to third
|
|
Batting: RHB Ernie Genier
|
0-0: Called Strike 0-1: Called Strike 0-2: Foul Ball, location: 2F 0-2: Ball 1-2: Foul Ball, location: 2F 1-2: Foul Ball, location: 2F 1-2: Ball 2-2: Ball 3-2: Foul Ball, location: 2F 3-2: Fly out, F7 (Line Drive, 7, EV 102.5 MPH)
|
| Bottom of the 4th over - 0 runs, 0 hits, 0 errors, 2 left on base; Frisco 0 - Portland 3 |
| TOP OF THE 5TH |
|
Frisco RoughRiders batting - Pitching for Portland Sea Dogs : RHP Su-wu Yang
|
|
Batting: RHB Wally Cangro
|
0-0: Ball 1-0: Foul Ball, location: 2F 1-1: Swinging Strike 1-2: Strikes out swinging
|
|
Batting: RHB Sergio Godinez
|
0-0: Ball 1-0: Foul Ball, location: 2F 1-1: Foul Ball, location: 2F 1-2: Strikes out looking
|
|
Batting: RHB Jordan Fairburn
|
0-0: Ball 1-0: Ball 2-0: Foul Ball, location: 2F 2-1: Called Strike 2-2: Ball 3-2: Strikes out swinging
|
| Top of the 5th over - 0 runs, 0 hits, 0 errors, 0 left on base; Frisco 0 - Portland 3 |
| BOTTOM OF THE 5TH |
|
Portland Sea Dogs batting - Pitching for Frisco RoughRiders : RHP Andy Zecher
|
|
Batting: RHB Alex Melendez
|
0-0: Ball 1-0: Foul Ball, location: 2F 1-1: Foul Ball, location: 2F 1-2: TRIPLE (Line Drive, 89XD, EV 104.4 MPH)
|
|
Batting: RHB Jim Hubbard
|
0-0: Ball 1-0: Ball 2-0: Called Strike 2-1: Called Strike 2-2: Strikes out swinging
|
|
Batting: LHB Keith Rice
|
0-0: Called Strike 0-1: Called Strike 0-2: Fly out, F9 (Flyball, 89D, EV 101.2 MPH) Runner from 3rd tags up, SCORES, throw by RF
|
|
Batting: RHB Mike Batko
|
0-0: Called Strike 0-1: Fly out, F8 (Flyball, 8LXD, EV 105.6 MPH)
|
| Bottom of the 5th over - 1 run, 1 hit, 0 errors, 0 left on base; Frisco 0 - Portland 4 |
| TOP OF THE 6TH |
|
Frisco RoughRiders batting - Pitching for Portland Sea Dogs : RHP Su-wu Yang
|
|
Batting: RHB Matt Sanders
|
0-0: Called Strike 0-1: Swinging Strike 0-2: Ball 1-2: Ball 2-2: Strikes out swinging
|
|
Batting: RHB Luis Arce
|
0-0: Ball 1-0: Ground out 5-3 (Groundball, 5, EV 85.0 MPH)
|
|
Batting: LHB Yoshinari Nara
|
0-0: SINGLE (Groundball, 4MD, EV 97.5 MPH)
|
|
Batting: LHB Jody Hudson
|
0-0: Called Strike 0-1: Fly out, F8 (Line Drive, 8LM, EV 94.4 MPH)
|
| Top of the 6th over - 0 runs, 1 hit, 0 errors, 1 left on base; Frisco 0 - Portland 4 |
| BOTTOM OF THE 6TH |
|
Portland Sea Dogs batting - Pitching for Frisco RoughRiders : RHP Andy Zecher
|
|
Batting: RHB Frank Sokolosky
|
0-0: Fly out, F9 (Line Drive, 9S, EV 90.6 MPH)
|
|
Batting: LHB Dave Reyes
|
0-0: Ball 1-0: Ground out 3-1 (Groundball, 34, EV 80.0 MPH)
|
|
Batting: RHB Sal Rivera
|
0-0: Ball 1-0: Foul Ball, location: 2F 1-1: Foul Ball, location: 2F 1-2: Ground out 2-3 (Groundball, 2R, EV 71.9 MPH)
|
| Bottom of the 6th over - 0 runs, 0 hits, 0 errors, 0 left on base; Frisco 0 - Portland 4 |
| TOP OF THE 7TH |
|
Frisco RoughRiders batting - Pitching for Portland Sea Dogs : RHP Su-wu Yang
|
|
Batting: LHB Jim Pankratz
|
0-0: Ball 1-0: Swinging Strike 1-1: SINGLE (Groundball, 4D, EV 102.5 MPH)
|
|
Batting: RHB Sean Neuroth
|
0-0: Called Strike 0-1: Fly out, F3 (Line Drive, 3, EV 68.1 MPH)
|
|
Batting: RHB Wally Cangro
|
0-0: Swinging Strike 0-1: Ball 1-1: Ball 2-1: Swinging Strike 2-2: Fielders Choice at 2nd, 3-6 (Groundball, 3, EV 78.8 MPH)
|
|
Batting: RHB Sergio Godinez
|
0-0: Ball Wally Cangro steals 2nd base 1-0: Called Strike 1-1: Called Strike 1-2: Ground out 6-3 (Groundball, 6, EV 109.4 MPH)
|
| Top of the 7th over - 0 runs, 1 hit, 0 errors, 1 left on base; Frisco 0 - Portland 4 |
| BOTTOM OF THE 7TH |
|
Portland Sea Dogs batting - Pitching for Frisco RoughRiders : RHP Andy Zecher
|
|
Batting: RHB Travis Campbell
|
0-0: Called Strike 0-1: Foul Ball, location: 2F 0-2: Ball 1-2: Fly out, F9 (Flyball, 9, EV 83.1 MPH)
|
|
Batting: RHB Ernie Genier
|
0-0: Ball 1-0: Ball 2-0: Ball 3-0: Called Strike 3-1: Foul Ball, location: 2F 3-2: Foul Ball, location: 2F 3-2: Base on Balls
|
|
Batting: RHB Alex Melendez
|
0-0: Grounds into double play, 5-4-3 (Groundball, 56, EV 101.9 MPH)
|
| Bottom of the 7th over - 0 runs, 0 hits, 0 errors, 0 left on base; Frisco 0 - Portland 4 |
| TOP OF THE 8TH |
|
Frisco RoughRiders batting - Pitching for Portland Sea Dogs : RHP Su-wu Yang
|
|
Batting: RHB Jordan Fairburn
|
0-0: Called Strike 0-1: Swinging Strike 0-2: Strikes out looking
|
|
Batting: RHB Matt Sanders
|
0-0: Ground out U3 (Groundball, 3, EV 83.1 MPH)
|
|
Batting: RHB Luis Arce
|
0-0: Foul Ball, location: 2F 0-1: Foul Ball, location: 2F 0-2: Ball 1-2: Foul Ball, location: 2F 1-2: Foul Ball, location: 2F 1-2: Strikes out swinging
|
| Top of the 8th over - 0 runs, 0 hits, 0 errors, 0 left on base; Frisco 0 - Portland 4 |
| BOTTOM OF THE 8TH |
|
Portland Sea Dogs batting - Pitching for Frisco RoughRiders : RHP Andy Zecher
|
|
Batting: RHB Jim Hubbard
|
0-0: Called Strike 0-1: Ball 1-1: Ball 2-1: Foul Ball, location: 2F 2-2: Strikes out swinging
|
|
Batting: LHB Keith Rice
|
0-0: Called Strike 0-1: Ground out U3 (Groundball, 34S, EV 63.8 MPH)
|
|
Batting: RHB Mike Batko
|
0-0: Foul Ball, location: 2F 0-1: Ball 1-1: Ball 2-1: Ball 3-1: Base on Balls
|
|
Pitching: RHP Aaron Munt
|
|
|
Batting: RHB Frank Sokolosky
|
0-0: Fly out, F3 (Flyball, 3D, EV 89.4 MPH)
|
| Bottom of the 8th over - 0 runs, 0 hits, 0 errors, 1 left on base; Frisco 0 - Portland 4 |
| TOP OF THE 9TH |
|
Frisco RoughRiders batting - Pitching for Portland Sea Dogs : RHP Su-wu Yang
|
|
Pitching: RHP Aaron Brannon
|
|
|
Batting: LHB Yoshinari Nara
|
0-0: Ball 1-0: Swinging Strike 1-1: Ground out 6-3 (Groundball, 56, EV 89.4 MPH)
|
|
Batting: LHB Jody Hudson
|
0-0: Ball 1-0: Ball 2-0: Foul Ball, location: 2F 2-1: Ball 3-1: Base on Balls
|
|
Batting: LHB Jim Pankratz
|
0-0: Ball 1-0: Called Strike 1-1: Foul Ball, location: 2F 1-2: Strikes out swinging
|
|
Batting: RHB Sean Neuroth
|
0-0: Ball 1-0: Ball 2-0: Called Strike 2-1: Ground out 6-3 (Groundball, 6S, EV 91.2 MPH)
|
| Top of the 9th over - 0 runs, 0 hits, 0 errors, 1 left on base; Frisco 0 - Portland 4 |
|